 Dungeon Crawl Stone Soup version 0.27.0-1-g7a089689b8 (webtiles) character file.

Game seed: 10753653117104920350

51 SnakkuSnakku7 the Poker (level 3, 0/28 HPs)
             Began as a Draconian Arcane Marksman on Aug 7, 2021.
             Killed by nerve-wracking pain
             ... invoked by Jessica
              (8 damage)
             ... on level 3 of the Dungeon.
             The game lasted 00:02:53 (2060 turns).

SnakkuSnakku7 the Poker (Draconian Arcane Marksman) Turns: 2060, Time: 00:02:53

Health: 0/28       AC:  6    Str: 18    XL:     3   Next: 57%
Magic:  4/4        EV: 12    Int: 13    God:
Gold:   130        SH:  0    Dex: 12    Spells: 3/4 levels left

rFire    . . .     SeeInvis .   d - +0 bardiche
rCold    . . .     Faith    .   (shield currently unavailable)
rNeg     . . .     Spirit   .   (armour unavailable)
rPois    .         Reflect  .   (helmet restricted)
rElec    .         Harm     .   o - +0 cloak
rCorr    .         Rampage  .   (no gloves)
Will     .....                  (no boots)
Stlth    +.........             (no amulet)
HPRegen  0.09/turn              g - +6 ring of strength
MPRegen  0.09/turn              (no ring)

@: no status effects
A: AC +5, unfitting armour, cold-blooded
a: no special abilities


You were on level 3 of the Dungeon.
You visited 1 branch of the dungeon, and saw 3 of its levels.

You collected 130 gold pieces.

Inventory:

Hand Weapons
 d - a +0 bardiche (weapon)
Missiles
 a - 5 javelins
 f - 11 poisoned darts (quivered)
Armour
 o - a +0 cloak (worn)
Jewellery
 g - a +6 ring of strength (left hand)
Scrolls
 c - 2 scrolls of teleportation {unknown}
 j - a scroll of enchant weapon {unknown}
 m - a scroll of magic mapping {unknown}
 n - 3 scrolls of fog {unknown}
 p - a scroll of acquirement {unknown}
Potions
 e - 3 potions of curing {unknown}
 h - a potion of flight {unknown}
 i - a potion of magic {unknown}
 k - 2 potions of heal wounds {unknown}
 l - a potion of attraction {unknown}
 q - a potion of mutation {unknown}


   Skills:
 - Level 1.1 Fighting
 + Level 3.3 Polearms
 - Level 1.7 Throwing
 - Level 1.7 Dodging
 - Level 1.0 Spellcasting
 - Level 2.6 Hexes


You had 3 spell levels left.
You knew the following spells:

 Your Spells              Type           Power      Damage    Failure   Level
a - Corona                Hex            7%         N/A       10%         1

Your spell library contained the following spells:

 Spells                   Type           Power      Damage    Failure   Level
 Slow                     Hex            7%         N/A       14%         2
 Inner Flame              Hex/Fire       4%         N/A       43%         3
 Portal Projectile        Hex/Tloc       8%         N/A       43%         3
 Cause Fear               Hex            3%         N/A       67%         4


Dungeon Overview and Level Annotations

Branches:
Dungeon (3/15)

Altars:

Annotations:
D:3 Jessica, Sigmund


Innate Abilities, Weirdness & Mutations

Your plain brown scales are hard. (AC +5)
You cannot fit into any form of body armour.
You are cold-blooded and may be slowed by cold attacks.


Message History

Found 15 gold pieces.
You now have 130 gold pieces (gained 15).
Found a leather armour.
Jessica the Apprentice Sorceress comes into view.
She is wielding a +0 dagger.
Jessica shouts!
You hear a shout! x2
Throw: 15 darts (poison)
Press: ? - help, Q - select action, (/) - cycle Shift-Dir - straight line, f - Jessica
Aim: Jessica, wielding a +0 dagger and wearing a +0 robe (56% to hit)
You throw a poisoned dart.
The poisoned dart closely misses Jessica.
Jessica mumbles some strange words.
Jessica seems to speed up.
Throw: 14 darts (poison)
Press: ? - help, Q - select action, (/) - cycle Shift-Dir - straight line, f/p - Jessica
Aim: Jessica, wielding a +0 dagger and wearing a +0 robe (fast, 56% to hit)
You throw a poisoned dart.
The poisoned dart closely misses Jessica.
Jessica hits you with a +0 dagger.
* * * LOW HITPOINT WARNING * * *
Unknown command.
You closely miss Jessica. You tail-slap Jessica.
Jessica is heavily wounded.
Jessica hits you with a +0 dagger.
* * * LOW HITPOINT WARNING * * *
Jessica casts a spell.
Jessica blinks!
Throw: 13 darts (poison)
Press: ? - help, Q - select action, (/) - cycle Shift-Dir - straight line, f/p - Jessica
Aim: Jessica, wielding a +0 dagger and wearing a +0 robe (heavily wounded, fast, 56% to hit)
You throw a poisoned dart. The poisoned dart hits Jessica.
Jessica is poisoned.
Jessica is heavily wounded.
Throw: 12 darts (poison)
Press: ? - help, Q - select action, (/) - cycle Shift-Dir - straight line, f/p - Jessica
Aim: Jessica, wielding a +0 dagger and wearing a +0 robe (severely wounded, fast, poisoned, 56% to hit)
You throw a poisoned dart. The poisoned dart hits Jessica.
Jessica looks even sicker.
Jessica is severely wounded.
Jessica points at you and mumbles some strange words.
Pain shoots through your body!
You die...

#.# #..# ## #.# #..#
# #.# #..# #
#..####.#####..# #
#....@..((.....# ##
#.#####@######.# ##.
#...........# #..
#.######.#.#########
#.. #......@.#.# #.#
#.########.# #.# #.
#.# #.# #. #.# #.#
#. ######.# #.. #.
##.).##.# ##.
#.##.###.#.# #..
#.#.#####..# #..
#..........# #.


You could see Jessica (fast, very poisoned).

Vanquished Creatures
  A gnoll (D:1)
  A worm (D:2)
  A dart slug (D:1)
  3 endoplasms
  A giant cockroach (D:2)
  3 goblins (D:2)
  3 hobgoblins (D:2)
  3 quokkas (D:1)
  5 ball pythons
  3 bats (D:1)
  3 frilled lizards
  3 kobolds
  7 rats
37 creatures vanquished.

Notes
Turn   | Place    | Note
-------+----------+-------------------------------------------
     0 | D:1      | SnakkuSnakku7 the Draconian Arcane Marksman began the quest
                  | for the Orb.
     0 | D:1      | Reached XP level 1. HP: 16/16 MP: 2/2
    23 | D:1      | You fall into a shaft and drop 1 floor!
   157 | D:2      | Reached skill level 1 in Polearms
   188 | D:2      | Reached XP level 2. HP: 15/23 MP: 3/3
   485 | D:1      | Reached skill level 2 in Polearms
  1075 | D:1      | Reached XP level 3. HP: 18/28 MP: 4/4
  1211 | D:1      | Reached skill level 3 in Polearms
  1992 | D:3      | Noticed Sigmund
  2048 | D:3      | Noticed Jessica
  2060 | D:3      | Killed from afar by Jessica

Illustrated notes

Levels and vault maps discovered:
D:1:      ncdulo_watergridlock, layout_loops_corners
D:2:      layout_loops_ring
D:3:      layout_loops_ring, uniq_sigmund, uniq_jessica, uniq_ijyb

Skill      XL: |  1  2  3 |
---------------+----------+-----
Polearms       | 1 2 3 |  3.3
Fighting       | |  1.1
Throwing       | |  1.7
Dodging        | |  1.7
Spellcasting   | |  1.0
Hexes          | |  2.6

Action                   || total
-------------------------++-------
Melee: Bardiche          ||   124
       Tailslap          ||    13
Throw: Dart              ||    10
       Throwing net      ||     2
 Stab: Sleeping          ||     1
Armor: Skin              ||    51
Dodge: Dodged            ||    98
